Map: [ESL] Tropical Sacrifice

Players

Gerald - Winner!

  • Race: Protoss Protoss
  • Spawn Location: 7:00

KingCobra

  • Race: Protoss Protoss
  • Spawn Location: 1:00

Event: DreamHack SC2 Masters 2022 Atlanta (Online)

VOD

Have the link to the VOD?

Description

Time

  • Played on: Sept. 28, 2022, 12:48 p.m.
  • Length: 5:19

All games in this series

Show
View Real Time Build Order
Export as new Build Order

Gerald Protoss - Winner!

Build Orders: Oracle Opening 

Get SALT Encoding   

  12  0:00  Probe  
  13  0:12  Probe  
  14  0:18  Pylon  
  14  0:24  Probe (Chrono Boost)  
  15  0:38  Probe (Chrono Boost), Gateway  
  16  0:43  Probe (Chrono Boost)  
  16  0:46  Assimilator  
  17  0:52  Probe  
  17  0:56  Assimilator  
  18  1:04  Probe (Chrono Boost)  
  18  1:10  Gateway  
  19  1:15  Probe (Chrono Boost)  
  20  1:21  Probe  
  21  1:27  Cybernetics Core  
  21  1:33  Probe  
  21  1:38  Pylon  
  22  1:45  Probe  
  23  1:52  Pylon  
  23  1:57  Probe  
  24  2:07  Pylon  
  24  2:08  Warp Gate (Chrono Boost), Stalker  
  26  2:09  Stalker  
  26  2:14  Probe  
  29  2:24  Pylon  
  29  2:26  Probe  
  30  2:36  Stargate, Pylon  
  30  2:39  Probe  
  30  2:52  Pylon  
  30  3:00  Nexus  
  30  3:16  Stalker  
  30  3:19  Sentry  
  34  3:20  Shield Battery  
  34  3:33  Oracle  
  37  3:40  Shield Battery  
  35  3:45  Gateway  
  35  3:50  Robotics Facility  
  35  3:57  Zealot  
  35  4:02  Stalker  
  39  4:13  Pylon x2  
  39  4:17  Pylon  
  39  4:38  Immortal (Chrono Boost)  
  43  4:40  Zealot  
  43  4:41  Zealot  
  45  4:47  Zealot  
  41  5:01  Zealot, Sentry  
  45  5:07  Pylon  
Show
View Real Time Build Order
Export as new Build Order

KingCobra Protoss 

Build Orders:  

Get SALT Encoding   

  12  0:00  Probe  
  13  0:12  Probe  
  14  0:21  Pylon  
  14  0:24  Probe  
  15  0:39  Probe (Chrono Boost), Gateway  
  16  0:49  Probe (Chrono Boost), Assimilator  
  17  0:54  Probe (Chrono Boost)  
  18  1:05  Probe (Chrono Boost)  
  18  1:06  Pylon  
  18  1:10  Assimilator  
  19  1:14  Probe (Chrono Boost)  
  20  1:19  Probe  
  21  1:31  Cybernetics Core  
  21  1:32  Zealot  
  23  1:35  Probe  
  24  1:47  Probe  
  24  1:48  Pylon  
  25  1:59  Probe  
  26  2:07  Stalker (Chrono Boost)  
  28  2:12  Probe  
  28  2:14  Pylon  
  29  2:17  Stargate  
  29  2:24  Warp Gate  
  29  2:34  Stalker (Chrono Boost)  
  31  2:42  Robotics Facility  
  31  2:45  Gateway  
  31  3:00  Gateway  
  31  3:04  Stalker  
  33  3:12  Pylon  
  32  3:26  Pylon  
  32  3:28  Immortal (Chrono Boost)  
  36  3:37  Pylon  
  36  3:38  Pylon  
  36  3:44  Pylon  
  36  3:59  Immortal (Chrono Boost)  
  38  4:15  Sentry  
  38  4:16  Sentry  
  42  4:17  Stalker  
  42  4:21  Pylon  
  38  4:48  Stalker x2  
  27  5:05  Sentry  
Tags
 
Add a new tag
Caveats
  • Supply blocks, unpowered buildings, or Contaminate may cause inaccurate times.
  • Supply counts are checked every 10 seconds.